Unix NetHack Version 3.7.0-73 Work-in-progress - last build Feb 13 2023 23:22:17 (e889fd6b8cb55ddd886883d72e5aaabce8a889b2,branch:master). Game began 2023-02-15 05:26:05, ended 2023-02-15 13:47:13. Gandelf, neutral male human Monk ------- ----- |(..5.|-- ------...| |132..".| |........| --|.@&..|-| |........| |@Rn....+.| ----.------- |@|3o..?|-| --.........| |&|.....-[| |..........| |.|..1[3|-- |..........| |.|------ --------.----- |.| |............| |.| |............| |.| |----.-------- |a| |0.........0| |.| |...........| |.| ------.------- |@----------------.......| |........%..............>| -------------------------- Gandelf the Initiate St:18/01 Dx:15 Co:13 In:9 Wi:12 Ch:10 Neutral S:8012 Dlvl:2 $:28 HP:0(49) Pw:47(47) AC:-3 Xp:8/1931 T:4395 Hallu Latest messages: The netsplit hits the fox. The elf mummy bites the yellow dragon. The pony misses the fox. You miss the rock piercer. You hit the earth elemental! The dwarf mummy misses the orange dragon. The raven misses the killer beet. You miss the lieutenant. The kestrel misses the fire ant. The golden naga misses the ape. You miss the Archon. Barney the dinosaur casts a spell! Domo-kun is suddenly moving faster. The titan hits! The Ent just misses! The hag of bolding bites! You miss the spotted jelly. The pyrolisk hits! The mother-in-law misses! The baby yellow dragon bites! You hit the hill orc! The rope golem hits! The tengu just misses! The vampire bites! The gnome zombie hits the wild haggis. The Y2K bug misses the bugbear. The spelling bee bites the yellow dragon. What do you want to write with? [- cdjlp-rtwxzB-DIRUWXZ or ?*] - You write in the dust with your fingertip. What do you want to write in the dust here? ELBERETH The obelus misses! The giant mummy misses! The ice vortex misses! What do you want to zap? [dtzCX or ?*] ? In what direction? . A mysterious force prevents you from teleporting! The fir elemental picks up a giant beetle corpse. The yellow dragon misses! The red naga hatchling hits! The flamingo sphere misses! Are you sure you want to pray? [yn] (n) y You begin praying to Chih Sung-tzu. The guardian naga hatchling hits! The fox hits! You die... Do you want your possessions identified? [ynq] (y) y Do you want to see your attributes? [ynq] (y) y Do you want an account of creatures vanquished? [ynaq] (y) y Do you want to see your conduct and achievements? [ynq] (y) y Do you want to see the dungeon overview? [ynq] (y) y Inventory: Coins $ - 28 gold pieces Weapons R - 6 cursed -5 arrows p - a +0 crossbow q - a +0 boomerang r - 9 +0 darts (at the ready) w - a +1 dagger x - a blessed +0 javelin Armor a - an uncursed +2 pair of leather gloves (being worn) v - an uncursed +0 pair of iron shoes (being worn) e - an uncursed +0 pair of speed boots Q - a blessed +3 shield of reflection (being worn) b - an uncursed +1 robe (being worn) Comestibles g - 5 uncursed apples N - an uncursed carrot K - an uncursed cream pie S - 9 uncursed food rations i - 4 uncursed fortune cookies T - 2 uncursed fortune cookies h - 4 uncursed oranges O - 3 uncursed tripe rations F - a cursed tripe ration s - an uncursed egg Scrolls V - 2 uncursed scrolls of earth o - an uncursed scroll of teleportation Potions y - an uncursed potion of object detection Rings U - an uncursed ring of cold resistance W - an uncursed ring of fire resistance c - an uncursed ring of free action B - an uncursed ring of polymorph control I - an uncursed ring of slow digestion D - a cursed ring of sustain ability l - an uncursed ring of teleport control Z - an uncursed ring of warning Wands C - a wand of cancellation (0:2) t - a wand of light (0:10) X - a wand of teleportation (0:1) d - a blessed wand of undead turning (0:5) z - a wand of undead turning (0:6) Tools H - a magic flute (0:8) j - a magic marker (0:81) k - an uncursed skeleton key E - an uncursed skeleton key G - a cursed tin whistle Gandelf the Monk's attributes: Background: You were an Initiate, a level 8 male human Monk. You were neutral, on a mission for Chih Sung-tzu who was opposed by Shan Lai Ching (lawful) and Huan Ti (chaotic). You were in Sokoban, on level 2. You entered the dungeon 4395 turns ago. You had 1931 experience points, 629 more were needed to attain level 9. Your score was 8012 before end-of-game adjustments. Basics: You had 0 out of 49 hit points. You had all 47 energy points (spell power). Your armor class was -3. Your wallet contained 28 zorkmids. Autopickup was on for '$?!+/=' plus thrown. Final Characteristics: Your strength was 18/01 (limit:18/100). Your dexterity was 15 (limit:18). Your constitution was 13 (limit:18). Your intelligence was 9 (limit:18). Your wisdom was 12 (limit:18). Your charisma was 10 (limit:18). Final Status: You were hallucinating. You were not hungry. You were unencumbered. You were empty handed. You had basic skill with martial arts and could have enhanced that. Final Attributes: You were piously aligned. You were sleep resistant. You were poison resistant. You saw invisible. You were warned. You were stealthy. You were guarded. You were fast. You had reflection. You are dead. Miscellaneous: You never encountered a bones level. Total elapsed playing time was 1 hour, 18 minutes and 22 seconds. Major events: Turn 1: Gandelf the neutral male human Monk entered the dungeon 1128: attained the rank of Novice (level 3) 1405: made his first wish - "blessed +3 polished silver shield", got "a polished silver shield" 1486: entered Sokoban 1831: completed 1st Sokoban level 1925: attained the rank of Initiate (level 6) 3225: completed 2nd Sokoban level 3580: completed 3rd Sokoban level 4306: completed 4th Sokoban level 4395: killed by a hallucinogen-distorted gargoyle, while praying Vanquished creatures: a giant mimic a large dog a dwarf ruler a leocrotta an elf mummy a giant beetle a quivering blob 3 cockatrices a black light an orc mummy 2 owlbears a lizard a chickatrice a gnome mummy 4 bugbears a water nymph a mountain nymph a rock piercer 2 ponies a fog cloud a yellow light 2 gnome leaders 4 elf zombies 2 giant ants a homunculus a kobold shaman 3 hill orcs a rabid rat 2 giant bats 2 orc zombies an iguana 10 killer bees a large kobold 5 hobgoblins 2 giant rats a cave spider 4 gnomes a gnome zombie 8 geckos 3 jackals 2 foxes 3 kobolds 3 goblins 2 sewer rats 7 grid bugs 2 lichens 4 newts 105 creatures vanquished. No species were genocided or became extinct. Voluntary challenges: You followed a strict vegan diet. You never hit with a wielded weapon. You read items or engraved 2 times. You never engraved Elbereth. You never genocided any monsters. You never polymorphed an object. You never changed form. You used 1 wish. You did not wish for any artifacts. You violated the special Sokoban rules once. Achievements: You entered a shop. You attained the rank of Novice. You entered Sokoban. You attained the rank of Initiate. The Dungeons of Doom: levels 1 to 6 Level 1: Level 2: A general store, a fountain. Level 3: Level 4: Level 5: Many fountains. Oracle of Delphi. Level 6: Stairs up to Sokoban, level 5. Sokoban: levels 5 up to 2 Level 2: <- You were here. Solved. Final resting place for you, killed by a hallucinogen-distorted gargoyle, while praying. Level 3: Solved. Level 4: Solved. Level 5: Solved. Game over: ---------- / \ / REST \ / IN \ / PEACE \ / \ | Gandelf | | 28 Au | | killed by a | | hallucinogen-dis | | torted gargoyle | | | | 2023 | *| * * * | * _________)/\\_//(\/(/\)/\//\/|_)_______ Goodbye Gandelf the Monk... You died in Sokoban on dungeon level 2 with 8010 points, and 28 pieces of gold, after 4395 moves. You were level 8 with a maximum of 49 hit points when you died.